 Dungeon Crawl Stone Soup version 0.28.0-53-g5a82cb258f (webtiles) character file.

Game seed: 11285858981931201825

21581 Peloso the Fencer (level 12, 0/110 HPs)
             Began as a Minotaur Fighter on May 28, 2022.
             Was a High Priest of Okawaru.
             Slain by a komodo dragon (18 damage)
             ... on level 2 of the Lair of Beasts.
             The game lasted 00:21:14 (15304 turns).

Peloso the Fencer (Minotaur Fighter)               Turns: 15304, Time: 00:21:14

Health: 0/110      AC: 25    Str: 30    XL:     12   Next: 55%
Magic:  13/13      EV: 10    Int:  5    God:    Okawaru [*****.]
Gold:   709        SH:  6    Dex: 12    Spells: 11/11 levels left

rFire   . . .      SeeInvis .   b - +3 demon blade (flame)
rCold   . . .      Faith    .   c - +0 buckler
rNeg    . . .      Spirit   .   H - +0 plate armour
rPois   .          Reflect  .   (helmet restricted)
rElec   .          Harm     .   (no cloak)
rCorr   .          Rampage  .   f - +1 pair of gloves
Will    .....                   k - +1 pair of boots of the Mind {+Blink}
Stlth   ..........              (no amulet)
HPRegen 0.28/turn               A - +4 ring of protection
MPRegen 0.13/turn               I - +6 ring of strength

@: no status effects
A: horns 2, retaliatory headbutt
a: Renounce Religion, Evoke Blink, Heroism, Finesse, Duel


You were on level 2 of the Lair of Beasts.
You worshipped Okawaru.
Okawaru was extremely pleased with you.
You visited 3 branches of the dungeon, and saw 15 of its levels.

You collected 709 gold pieces.

Inventory:

Hand Weapons
 a - a +3 long sword
 b - a +3 demon blade of flaming (weapon)
Missiles
 j - a throwing net (quivered)
Armour
 c - a +0 buckler (worn)
 f - a +1 pair of gloves (worn)
 k - the +1 pair of boots of the Mind (worn) {+Blink}
   (Okawaru gifted it to you on level 11 of the Dungeon)

   +Blink:    It lets you blink.
 w - a +0 chain mail
 H - a +0 plate armour (worn)
Jewellery
 t - a ring of ice
 A - a +4 ring of protection (left hand)
 E - an amulet of magic regeneration
 I - a +6 ring of strength (right hand)
Wands
 h - a wand of flame (15)
 C - a wand of paralysis (6)
 K - a wand of iceblast (2)
 O - a wand of polymorph (5)
Scrolls
 e - 4 scrolls of noise
 g - a scroll of enchant weapon
 m - 2 scrolls of fog
 p - 2 scrolls of amnesia
 q - 2 scrolls of blinking
 r - 6 scrolls of magic mapping
 s - a scroll of brand weapon {unknown}
 u - 5 scrolls of teleportation
 v - a scroll of immolation {unknown}
 x - 3 scrolls of vulnerability {unknown}
 y - 2 scrolls of acquirement {unknown}
 B - a scroll of silence {unknown}
 G - a scroll of torment {unknown}
 L - 4 scrolls of identify
 M - a scroll of enchant armour {unknown}
 N - a scroll of fear {unknown}
Potions
 d - 6 potions of might
 i - 4 potions of ambrosia
 l - 5 potions of flight
 n - 2 potions of brilliance
 o - a potion of magic
 z - 2 potions of berserk rage
 D - a potion of curing
 F - 4 potions of heal wounds
 J - a potion of haste


   Skills:
 + Level 11.2 Fighting
 + Level 15.0 Long Blades
 + Level 13.3 Armour
 + Level 5.1 Dodging
 + Level 1.6 Stealth
 + Level 10.1 Shields
 + Level 3.1 Invocations


You had 11 spell levels left.
You didn't know any spells.
Your spell library contained the following spells:

 Spells                   Type           Power      Damage    Failure   Level
 Confusing Touch          Hex            0%         N/A       100%        3
 Inner Flame              Hex/Fire       0%         N/A       100%        3
 Anguish                  Hex/Necr       0%         N/A       100%        4
 Cause Fear               Hex            0%         N/A       100%        4
 Passage of Golubria      Tloc           0%         N/A       100%        4
 Yara's Violent Unravell  Hex/Tmut       0%         3d3       100%        5
 Dragon Form              Tmut           0%         N/A       100%        7
 Enfeeble                 Hex            0%         N/A       100%        7
 Discord                  Hex            0%         N/A       100%        8
 Tukima's Dance           Hex            Unusable   N/A       N/A         3
 Dragon's Call            Summ           Unusable   N/A       N/A         9

Dungeon Overview and Level Annotations

Branches:
Dungeon (11/15)            Temple (1/1) D:4            Lair (3/6) D:11
 Spider (0/4) Lair:2
  Swamp: Lair:2-4    Shoals: Lair:2-4       Orc: D:9-12

Altars:
Ashenzari
Cheibriados
Dithmenos
Elyvilon
Fedhas
Gozag
Hepliaklqana
Kikubaaqudgha
Makhleb
Nemelex Xobeh
Okawaru
Qazlal
Ru
Sif Muna
Trog
Uskayaw
Vehumet
Wu Jian
Xom
Yredelemnul
Zin
The Shining One

Shops:
D:3 *   D:4 *(


Innate Abilities, Weirdness & Mutations

You have a pair of horns on your head.
You reflexively headbutt those who attack you in melee.


Message History

The water moccasin bites you but does no damage.
The water moccasin bites you. The komodo dragon bites you!
* * * LOW HITPOINT WARNING * * *
You feel sick. You block the water moccasin's attack.
The water moccasin closely misses you. You furiously retaliate!
You headbutt the water moccasin. The water moccasin bites you.
* * * LOW HITPOINT WARNING * * *
You see here a basilisk corpse.
Unknown command.
You feel sick.
The water moccasin bites you but does no damage.
You block the water moccasin's attack.
Unknown command.
You feel sick.
Unknown command.
You closely miss the water moccasin.
The water moccasin is heavily wounded.
You feel sick.
The water moccasin bites you but does no damage.
The water moccasin bites you.
* * * LOW HITPOINT WARNING * * *
Unknown command.
You slash the water moccasin! You burn the water moccasin.
Your headbutt misses the water moccasin.
The water moccasin is almost dead.
You feel sick. The water moccasin barely misses you.
The water moccasin bites you but does no damage.
The komodo dragon bites you.
* * * LOW HITPOINT WARNING * * *
You slice the water moccasin!! You burn the water moccasin.
You kill the water moccasin!
Okawaru accepts your kill.
The water moccasin bites you but does no damage.
Unknown command.
You feel sick.
You feel sick.
You are no longer poisoned.
You block the water moccasin's attack. The komodo dragon bites you!!
You die...

...#...............#.....#.......
..†......#########...............
...#.....# #..#.............
...+.....# ##.#.............
.........# #...............
.........## #...............
..........## ##.#.....#.......
...........######..##..#.......##
...............l@.............###
...............S..............###
..PP.....>†....................##
....)....##......................
###.....+..#.##..................
####..#....P#####....#######.P.
#..P........##....# ###.
##....P..≈≈..##....## #.
##.....≈♣≈≈≈♣.......P# ##.


You could see a komodo dragon and a water moccasin.

Vanquished Creatures
  Gastronok (Lair:2)
  A hydra (Lair:2)
  A two-headed ogre (D:11)
  Erica (Lair:2)
  Urug (Lair:2)
  Pikel (D:7)
  A manticore (D:11)
  10 elephants
  A black mamba (Lair:1)
  3 cane toads
  A polar bear (Lair:1)
  2 trolls (D:10)
  Grinder (D:4)
  A meliai zombie (D:11)
  8 blink frogs
  3 wyverns
  2 wraiths
  21 yaks
  Eustachio (D:4)
  2 basilisks
  2 vampire mosquitoes (D:11)
  A steam dragon (Lair:2)
  4 redbacks (Lair:2)
  An acid dragon (D:10)
  7 water moccasins
  2 black bears
  4 orc warriors
  A sky beast (D:7)
  A hornet zombie (D:7)
  3 ice beasts
  2 ogres
  5 centaurs
  4 kobold brigands
  4 bullfrogs
  2 scorpions (D:4)
  2 water moccasin skeletons
  10 killer bees
  8 wights
  A howler monkey (D:8)
  3 centaur zombies
  A hound (D:4)
  2 jellies
  3 orc priests
  A centaur skeleton (D:5)
  A gnoll shaman (D:5)
  A bullfrog skeleton (D:5)
  4 iguanas
  10 orc wizards
  7 hell rats (Lair:1)
  3 hound skeletons (D:4)
  4 gnolls (D:5)
  8 adders
  A shadow imp (D:5)
  2 white imps (D:7)
  An ufetubus (D:4)
  2 worms
  5 dart slugs
  23 orcs
  5 endoplasms
  7 giant cockroaches
  10 goblins
  3 hobgoblins
  A quokka (D:4)
  16 ball pythons
  8 bats
  3 frilled lizards
  23 kobolds
  2 rats
287 creatures vanquished.

Vanquished Creatures (others)
  9 fungi
  30 plants
39 creatures vanquished.

Grand Total: 326 creatures vanquished

Notes
Turn   | Place    | Note
-------+----------+-------------------------------------------
     0 | D:1      | Peloso the Minotaur Fighter began the quest for the Orb.
     0 | D:1      | Reached XP level 1. HP: 19/19 MP: 0/0
     9 | D:1      | Found a faded altar of an unknown god.
    98 | D:1      | Reached XP level 2. HP: 19/27 MP: 1/1
   698 | D:1      | Reached XP level 3. HP: 31/33 MP: 2/2
   918 | D:2      | Reached skill level 3 in Long Blades
  1144 | D:2      | Reached skill level 1 in Dodging
  1161 | D:2      | Identified the +1 leather armour "Wiam" {Drain rF+ rCorr}
  1461 | D:2      | Reached XP level 4. HP: 40/40 MP: 3/3
  1624 | D:3      | Found an ornate altar of the Wu Jian Council.
  2285 | D:3      | Found Dyh Darph's Assorted Antiques.
  2421 | D:4      | Noticed Grinder
  2426 | D:4      | Paralysed by Grinder for 7 turns
  2437 | D:4      | Paralysed by Grinder for 5 turns
  2447 | D:4      | HP: 2/40 [Grinder/nerve-wracking pain (10)]
  2450 | D:4      | Killed Grinder
  2451 | D:4      | Reached skill level 4 in Long Blades
  2451 | D:4      | Reached skill level 5 in Armour
  2451 | D:4      | Reached XP level 5. HP: 15/47 MP: 4/4
  2451 | D:4      | Reached XP level 6. HP: 17/53 MP: 5/5
  2700 | D:4      | Found Zin's Purification Station.
  2736 | D:4      | Found a glowing silver altar of Zin.
  2956 | D:4      | Found Xidebor's Weapon Boutique.
  3130 | D:4      | Reached skill level 5 in Long Blades
  3272 | D:4      | Reached skill level 5 in Shields
  3280 | D:4      | Reached XP level 7. HP: 14/60 MP: 6/6
  3540 | D:4      | Reached skill level 5 in Fighting
  3610 | D:4      | Found a staircase to the Ecumenical Temple.
  3630 | Temple   | Entered the Ecumenical Temple
  3639 | Temple   | Became a worshipper of Warmaster Okawaru
  3759 | D:4      | Noticed Eustachio
  3788 | D:4      | Killed Eustachio
  3789 | D:4      | Reached skill level 6 in Long Blades
  4286 | D:4      | Found a glowing golden altar of the Shining One.
  4340 | D:5      | Entered Level 5 of the Dungeon
  4974 | D:5      | Reached skill level 1 in Stealth
  5035 | D:5      | Reached XP level 8. HP: 68/68 MP: 7/7
  5237 | D:5      | Found a shadowy altar of Dithmenos.
  5405 | D:5      | Reached skill level 7 in Long Blades
  5818 | D:6      | Reached * piety under Okawaru
  5834 | D:6      | Found a stormy altar of Qazlal.
  6279 | D:5      | Reached skill level 8 in Long Blades
  6597 | D:6      | Reached XP level 9. HP: 64/78 MP: 6/8
  6798 | D:6      | Reached skill level 9 in Long Blades
  7045 | D:7      | You fall into a shaft and drop 1 floor!
  7105 | D:8      | Reached ** piety under Okawaru
  7668 | D:7      | Found a sacrificial altar of Ru.
  7728 | D:7      | Reached skill level 10 in Long Blades
  7994 | D:7      | Found a white marble altar of Elyvilon.
  8616 | D:8      | Found a burning altar of Makhleb.
  8789 | D:8      | Noticed Pikel
  8808 | D:7      | Killed Pikel
  8808 | D:7      | Reached *** piety under Okawaru
  9025 | D:8      | Reached XP level 10. HP: 86/86 MP: 9/9
  9178 | D:9      | Reached skill level 11 in Long Blades
  9341 | D:9      | Reached **** piety under Okawaru
  9859 | D:9      | Reached skill level 10 in Armour
 10113 | D:9      | Found a sparkling altar of Nemelex Xobeh.
 10175 | D:10     | Entered Level 10 of the Dungeon
 10470 | D:10     | Found a hide-covered altar of Uskayaw.
 10578 | D:10     | Reached skill level 12 in Long Blades
 10926 | D:10     | Reached ***** piety under Okawaru
 11252 | D:11     | Noticed an elephant
 11268 | D:11     | Reached skill level 1 in Invocations
 11290 | D:11     | Reached XP level 11. HP: 93/95 MP: 11/11
 11299 | D:11     | Identified the +1 pair of boots of the Mind {+Blink}
                  | (Okawaru gifted it to you on level 11 of the Dungeon)
 11299 | D:11     | Received a gift from Okawaru
 11413 | D:11     | Noticed a two-headed ogre
 11424 | D:11     | Killed a two-headed ogre
 11595 | D:11     | Reached skill level 13 in Long Blades
 11843 | D:11     | Found a staircase to the Lair.
 12076 | Lair:1   | Entered Level 1 of the Lair of Beasts
 13342 | Lair:2   | Noticed Gastronok
 13772 | Lair:2   | Killed Gastronok
 13772 | Lair:2   | Received a gift from Okawaru
 13773 | Lair:2   | Reached skill level 10 in Fighting
 13773 | Lair:2   | Reached skill level 14 in Long Blades
 14023 | Lair:2   | Noticed Erica
 14031 | Lair:2   | Killed Erica
 14033 | Lair:2   | Received a gift from Okawaru
 14034 | Lair:2   | Reached XP level 12. HP: 106/106 MP: 10/12
 14096 | Lair:2   | Found a hole to the Spider Nest.
 14193 | Lair:2   | Noticed Urug
 14205 | Lair:2   | Killed Urug
 14277 | Lair:2   | Received a gift from Okawaru
 14309 | Lair:2   | Reached skill level 5 in Dodging
 14501 | Lair:2   | Noticed a seven-headed hydra
 14508 | Lair:2   | Killed a five-headed hydra
 14859 | Lair:2   | Reached skill level 15 in Long Blades
 14876 | Lair:2   | Identified the +7 triple sword of Prudence {antimagic,
                  | Will++ Str-4} (Okawaru gifted it to you on level 2 of the
                  | Lair of Beasts)
 14876 | Lair:2   | Received a gift from Okawaru
 14877 | Lair:2   | Reached skill level 10 in Shields
 15304 | Lair:2   | Slain by a komodo dragon

Illustrated notes

Levels and vault maps discovered:
D:1:      wander_arrival_peaceful_grave, layout_loops_ring,
          shapermc_ecumenical_altar_venn, serial_glass, glass_columns_a,
          glass_columns_c, glass_columns_b, glass_columns_b, glass_columns_a,
          glass_columns_b, glass_columns_a, glass_columns_a, minmay_vboxes
D:2:      layout_loops_cross
D:3:      layout_loops_corners, lemuel_doored_altar, serial_shops,
          nicolae_shop_behind_doors
D:4:      layout_basic, tso_altar, zin_purify,
          minmay_temple_entry_gardened_gates, serial_shops,
          nicolae_shop_bloodbath_and_beyond, uniq_eustachio, uniq_grinder
D:5:      layout_loops_corners, mainiacjoe_overflow_cross_hatched,
          chequers_serial_rivers_room_b
D:6:      layout_rooms, grunt_qazlal_clouds, minmay_fractal_squares_diagonal_5
D:7:      layout_loops_cross, mainiacjoe_overflow_alcove_4,
          nicolae_overflow_hidden_temple, grunt_ministairs_9
D:8:      layout_rooms, bloody_makhleb, minmay_crystal_room, abandoned_shop,
          uniq_pikel
D:9:      layout_roguey, kennysheep_mini
D:10:     layout_irregular_city, mainiacjoe_overflow_alcove_2
D:11:     layout_cave_pools, david_lair_generic
Temple:   nicolae_temple_no_exploring_needed
Lair:1:   layout_regular_city, st_stairs_11
Lair:2:   layout_chaotic_city, spider_nest_entry_webs,
          nicolae_lair_grazing_beasts [nicolae_sub_lair_graze_edge,
          nicolae_sub_lair_graze_edge, nicolae_sub_lair_graze_edge,
          nicolae_sub_lair_graze_edge], uniq_gastronok, uniq_urug, uniq_erica
Lair:3:   layout_big_grid, elwin_shoals_entry_rocks, beast_lair_carwin_2,
          serial_bayou_shore_b

Skill      XL: |  1  2  3  4  5  6  7  8  9 10 11 12 |
---------------+-------------------------------------+-----
Shields        | 4 5 6 7 8 9 10 | 10.1
Fighting       | 4 5 6 7 8 10 11 | 11.2
Armour         | 4 5 6 7 9 11 12 13 | 13.3
Long Blades    | 3 4 5 6 8 10 12 14 15 | 15.0
Dodging        | 1 2 3 4 5 |  5.1
Stealth        | 1 |  1.6
Invocations    | 1 2 3 |  3.1

Action                   |  1- 3 |  4- 6 |  7- 9 | 10-12 || total
-------------------------+-------+-------+-------+-------++-------
Melee: Long sword        |    89 |   100 |   320 |   484 ||   993
       Headbutt          |    14 |    11 |    98 |   136 ||   259
       Demon blade       |       |       |       |    50 ||    50
Invok: Heroism           |       |       |     4 |    10 ||    14
  Use: Scroll            |       |     5 |       |    14 ||    19
       Potion            |       |     3 |       |       ||     3
Armor: Scale mail        |    46 |    61 |    69 |       ||   176
       Chain mail        |       |       |    99 |    71 ||   170
       Plate armour      |       |       |       |   287 ||   287
Dodge: Dodged            |    38 |    53 |   154 |   223 ||   468
Block: Buckler           |    28 |    30 |    80 |   155 ||   293
